 Seeded DCSS version 0.30.1-11-g7821555f0a (webtiles) character file.

Game seed: 430007637681659361 (custom seed)

177 strifetoe the Chopper (level 5, -6/32 HPs)
             Began as a Gargoyle Fighter on Nov 9, 2023.
             Was a Follower of Kikubaaqudgha.
             Killed by divine providence
             ... invoked by an orc priest
              (8 damage)
             ... on level 3 of the Dungeon.
             The game lasted 00:04:51 (1758 turns).

strifetoe the Chopper (Gargoyle Fighter)            Turns: 1758, Time: 00:04:52

Health: -6/32      AC: 12    Str: 21    XL:     5   Next: 57%
Magic:  5/5        EV:  9    Int:  9    God:    Kikubaaqudgha [*.....]
Gold:   1498       SH:  7    Dex:  9    Spells: 4/4 levels left

rFire   . . .        o - +0 hand axe (elec)
rCold   . . .        q - +3 warlock's mirror {omnireflect}
rNeg    + . .        b - +0 scale mail
rPois   ∞            (no helmet)
rElec   +            (no cloak)
rCorr   .            p - +0 pair of gloves
SInv    .            (no boots)
Will    .....        (no amulet) Stlth
                     (no ring)
HPRegen 0.25/turn    (no ring)
MPRegen 0.09/turn

%: reflection
@: studying Maces & Flails
A: sickness immunity, AC +4, negative energy resistance 1, electricity
resistance, torment resistance 1, petrification resistance
a: Renounce Religion, Unearth Wretches


You were on level 3 of the Dungeon.
You worshipped Kikubaaqudgha.
Kikubaaqudgha was aware of your devotion.
You visited 1 branch of the dungeon, and saw 3 of its levels.

You collected 1498 gold pieces.

Inventory:

Hand Weapons
 a - a +0 war axe
 g - a +3 war axe
 o - a +0 hand axe of electrocution (weapon)
Armour
 b - a +0 scale mail (worn)
 c - a +0 buckler
 p - a +0 pair of gloves (worn)
 q - the +3 warlock's mirror (worn) {omnireflect}
   (You acquired it on level 2 of the Dungeon)

   Omnireflect: It can block and reflect piercing ranged attacks and magical
   attacks against the wielder's willpower.
Jewellery
 k - a ring of flight
Wands
 d - a wand of flame (22)
Scrolls
 e - 2 scrolls of noise {unknown}
 f - a scroll of vulnerability {unknown}
 i - 2 scrolls of identify {unknown}
 j - a scroll of brand weapon {unknown}
 m - a scroll of fear {unknown}
 s - a scroll of amnesia {unknown}
 t - a scroll of blinking {unknown}
Potions
 h - 2 potions of curing {unknown}
 l - a potion of cancellation {unknown}
 n - a potion of ambrosia {unknown}
 r - a potion of attraction {unknown}


   Skills:
 - Level 3.2 Fighting
 - Level 4.2(4.9) Axes
 + Level 4.2(5.2) Maces & Flails
 - Level 3.2 Armour
 - Level 3.2 Shields


You had 4 spell levels left.
You didn't know any spells.
Your spell library contained the following spells:

 Spells                   Type           Power      Damage    Failure   Level
 Kiss of Death            Conj/Necr      0%         2d5       80%         1
 Necrotise                Necr           0%         1d4       80%         1
 Sandblast                Erth           0%         2d4       80%         1
 Passwall                 Tmut/Erth      0%         N/A       90%         2
 Stone Arrow              Conj/Erth      0%         3d7       99%         3
 Vampiric Draining        Necr           0%         2d6       99%         3
 Animate Dead             Necr           0%         N/A       100%        4


Dungeon Overview and Level Annotations

Branches:
Dungeon (3/15)

Altars:
Kikubaaqudgha
Trog
Wu Jian
Yredelemnul


Innate Abilities, Weirdness & Mutations

You are immune to sickness and miasma.
Your stone body is resilient. (AC +4)
You are immune to poison.
You resist negative energy. (rN+)
You are resistant to electric shocks. (rElec)
You are resistant to unholy torment.
You are immune to petrification.


Message History

You are too injured to fight recklessly!
You are too injured to fight recklessly!
You are too injured to fight recklessly!
You are too injured to fight recklessly!
You are too injured to fight recklessly!
You are too injured to fight recklessly!
You are too injured to fight recklessly!
You are too injured to fight recklessly!
You are too injured to fight recklessly!
You are too injured to fight recklessly!
You are too injured to fight recklessly!
You are too injured to fight recklessly!
You are too injured to fight recklessly!
You are too injured to fight recklessly!
You are too injured to fight recklessly!
You are too injured to fight recklessly!
Unknown command.
There are monsters nearby!
The orc attacks as you move away! The orc hits you but does no damage.
The orc throws a boomerang.
The boomerang hits you but does no damage.
You start resting.
An orc is nearby!
An orc is nearby!
An orc is nearby!
An orc is nearby!
An orc is nearby!
The orc priest invokes the aid of Beogh against you.
Beogh smites you!
* * * LOW HITPOINT WARNING * * *
The orc hits you but does no damage. x2
You hit the orc but do no damage. You hit the orc.
Lightning courses through the orc!!
You kill the orc!
Kikubaaqudgha accepts your kill. You block the orc's attack.
The orc priest calls down the wrath of Beogh upon you.
Beogh smites you!
You die...
Kikubaaqudgha rasps: "You have failed me!
Welcome... oblivion!"

###########
#:..oo)o).#
#.######@##
#.......#
#.####..#
#.......#
#.####.##.#
#......##.#
######.##.#
#.))..##.#
#.######+#########


You could see an orc priest and 2 orcs.

Vanquished Creatures
  A hound (D:3)
  Terence (D:2)
  2 adders (D:2)
  3 gnolls (D:3)
  A worm (D:3)
  2 dart slugs
  6 orcs (D:3)
  2 endoplasms
  5 giant cockroaches
  4 goblins
  7 hobgoblins
  4 jackals (D:3)
  3 quokkas
  8 ball pythons
  10 bats
  A frilled lizard (D:1)
  A kobold (D:1)
  4 rats (D:1)
65 creatures vanquished.

Notes
Turn   | Place    | Note
-------+----------+-------------------------------------------
     0 | D:1      | strifetoe the Gargoyle Fighter began the quest for the Orb.
     0 | D:1      | Reached XP level 1. HP: 14/14 MP: 1/1
    95 | D:1      | Reached XP level 2. HP: 19/19 MP: 2/2
   476 | D:1      | Reached XP level 3. HP: 21/23 MP: 3/3
   723 | D:2      | Noticed Terence
   860 | D:2      | Found an ancient bone altar of Kikubaaqudgha.
   952 | D:2      | Reached XP level 4. HP: 16/28 MP: 4/4
  1179 | D:2      | Found a faded altar of an unknown god.
  1223 | D:2      | Killed Terence
  1226 | D:2      | Identified 4 scrolls of acquirement
  1226 | D:2      | Acquired a manual of Maces & Flails
  1227 | D:2      | Acquired 744 gold pieces
  1228 | D:2      | Acquired the +3 warlock's mirror {omnireflect}
  1228 | D:2      | Found the +3 warlock's mirror {omnireflect}
  1229 | D:2      | Acquired 643 gold pieces
  1323 | D:3      | Reached XP level 5. HP: 26/32 MP: 5/5
  1388 | D:2      | Prayed at the altar of an unknown god.
  1388 | D:2      | Became a worshipper of Kikubaaqudgha
  1388 | D:2      | Reached * piety under Kikubaaqudgha
  1388 | D:2      | Received a gift from Kikubaaqudgha
  1457 | D:3      | Found a bloodstained altar of Trog.
  1457 | D:3      | Found an ornate altar of the Wu Jian Council.
  1634 | D:3      | Found a basalt altar of Yredelemnul.
  1758 | D:3      | Killed from afar by an orc priest

Illustrated notes

Levels and vault maps discovered:
D:1:      wander_arrival_chamber, layout_basic, kennysheep_boxes
D:2:      layout_rooms, dilly_ecumenical_altar_fadedgnrine, basic_altar,
          uniq_terence
D:3:      layout_basic, mainiacjoe_overflow_swirl, jmf_multi_god_temple,
          minmay_puff

Skill      XL: |  1  2  3  4  5 |
---------------+----------------+-----
Axes           | 2 3 4 |  4.2
Maces & Flails | 2 4 |  4.2
Fighting       | |  3.2
Armour         | |  3.2
Shields        | |  3.2

Action                     |  1- 3 |  4- 6 || total
---------------------------+-------+-------++-------
  Melee: War axe           |    73 |    10 ||    83
         Hand axe          |       |    68 ||    68
    Use: Scroll            |       |     4 ||     4
         Potion            |       |     1 ||     1
 Armour: Scale mail        |    62 |    39 ||   101
  Dodge: Dodged            |    37 |    22 ||    59
  Block: Buckler           |    23 |    22 ||    45
